 Dungeon Crawl Stone Soup version 0.29-a0-834-g1e95ca9f62 (webtiles) character file.

Game seed: 7092163908222835294

121 lesbiats the Chopper (level 5, -4/47 HPs)
             Began as a Gnoll Cinder Acolyte on July 11, 2022.
             Was a High Priest of Ignis.
             Slain by an ogre
             ... wielding a +0 giant club
              (17 damage)
             ... on level 4 of the Dungeon on July 13, 2022.
             The game lasted 00:16:05 (3506 turns).

lesbiats the Chopper (Gnoll Cinder Acolyte)         Turns: 3506, Time: 00:16:06

Health: -4/47      AC:  4    Str: 15    XL:     5   Next: 5%
Magic:  9/9        EV: 10    Int: 14    God:    Ignis [*****.]
Gold:   200        SH:  3    Dex:  7    Spells: 8/10 levels left

rFire   + . .      SeeInvis .   b - +0 sling
rCold   . . .      Faith    .   o - +0 buckler
rNeg    . . .      Spirit   .   m - +0 leather armour
rPois   .          Reflect  .   (no helmet)
rElec   .          Harm     .   (no cloak)
rCorr   .          Rampage  .   (no gloves)
Will    .....                   x - +0 pair of boots
Stlth   +.........              c - amulet of the acrobat
HPRegen 0.15/turn               (no ring)
MPRegen 0.11/turn               (no ring)

@: no status effects
A: fangs 1, strong nose, distributed training
a: Renounce Religion, Fiery Armour, Foxfire Swarm, Rising Flame


You were on level 4 of the Dungeon.
You worshipped Ignis.
Ignis was extremely pleased with you.
You visited 1 branch of the dungeon, and saw 4 of its levels.

You collected 200 gold pieces.

Inventory:

Hand Weapons
 a - the +1 dagger "Esheucsuq" {flame, Fly}
   (You found it on level 3 of the Dungeon)

   It burns those it strikes, dealing additional fire damage.
   Fly:       It grants you flight.
 b - a +0 sling (weapon)
 s - a +0 vorpal falchion
 u - a -1 hand axe of flaming
Missiles
 n - 2 poisoned darts
Armour
 m - a +0 leather armour (worn)
 o - a +0 buckler (worn)
 r - a +0 robe
 w - a +0 plate armour
 x - a +0 pair of boots (worn)
Magical Staves
 e - a staff of fire
Jewellery
 c - an amulet of the acrobat (around neck)
Scrolls
 i - a scroll of blinking {unknown}
 p - a scroll of fear {unknown}
 t - a scroll of fog {unknown}
 y - a scroll of vulnerability {unknown}
Potions
 d - 2 potions of invisibility
 f - 2 potions of haste
 g - a potion of heal wounds {unknown}
 h - 2 potions of brilliance {unknown}
 j - a potion of resistance {unknown}
 k - a potion of ambrosia {unknown}
 l - 2 potions of flight {unknown}
 q - 4 potions of curing
 v - a potion of attraction {unknown}


   Skills:
 + Level 6.6 Fighting
 + Level 1.4 Short Blades
 + Level 1.4 Long Blades
 + Level 6.6 Axes
 + Level 1.4 Maces & Flails
 + Level 1.4 Polearms
 + Level 1.4 Staves
 + Level 1.4 Ranged Weapons
 + Level 1.4 Throwing
 + Level 1.4 Armour
 + Level 1.4 Dodging
 + Level 1.4 Stealth
 + Level 1.4 Shields
 + Level 1.4 Unarmed Combat
 + Level 3.1 Spellcasting
 + Level 1.1 Conjurations
 + Level 1.1 Hexes
 + Level 1.1 Summonings
 + Level 1.1 Necromancy
 + Level 1.1 Translocations
 + Level 1.1 Transmutations
 + Level 5.5 Fire Magic
 + Level 1.1 Ice Magic
 + Level 1.1 Air Magic
 + Level 1.1 Earth Magic
 + Level 1.1 Poison Magic
 + Level 1.5 Invocations
 + Level 1.4 Evocations


You had 8 spell levels left.
You knew the following spells:

 Your Spells              Type           Power      Damage    Failure   Level
a - Scorch                Fire           34%        2d6       5%          2

Your spell library contained the following spells:

 Spells                   Type           Power      Damage    Failure   Level


Dungeon Overview and Level Annotations

Branches:
Dungeon (4/15)
 Temple: D:4-7

Altars:
Qazlal
Trog

Shops:
D:2 [(=


Innate Abilities, Weirdness & Mutations

You have very sharp teeth.
Your uncanny sense of smell can sniff out nearby items.
Your experience applies equally to all skills.


Message History

You fly up into the air.
The +1 dagger "Esheucsuq" {flame, Fly} bursts into flame!
a - the +1 dagger "Esheucsuq" (weapon)
{flame, Fly} You hit the orc.
You burn the orc. Your bite misses the orc.
The orc is severely wounded.
The orc closely misses you.
You barely miss the orc.
The orc is severely wounded.
An orc priest comes into view. It is wielding a +0 flail.
The orc hits you with a +0 whip.
The orc priest shouts!
You hit the orc. You burn the orc.
You kill the orc!
You hear a shout! x2
You hit the ogre. You burn the ogre.
The ogre is lightly wounded.
The ogre barely misses you.
You closely miss the ogre.
The ogre is lightly wounded.
The ogre hits you with a +0 giant club!
You float gracefully downwards.
The +1 dagger "Esheucsuq" {flame, Fly} stops flaming.
b - a +0 sling (weapon)
The ogre attacks as you move away! The ogre barely misses you.
You shoot a sling bullet. The sling bullet hits the ogre.
The ogre is moderately wounded.
The ogre hits you with a +0 giant club!
A ball python comes into view.
The orc priest calls down the wrath of Beogh upon you.
Beogh smites you!
* * * LOW HITPOINT WARNING * * *
You are too injured to fight recklessly!
Fire: b) +0 sling
Press: ? - help, Q - select action, (/) - cycle Shift-Dir - straight line, f/p - ogre
Aim: an ogre, wielding a +0 giant club (moderately wounded, 70% to hit)
You shoot a sling bullet.
The sling bullet barely misses the ogre.
The ball python hisses angrily.
The ogre hits you with a +0 giant club!
You die...

#.........
#.#########.##.# .
#.## #.##.#
#.#..###### #.##.###
∆# #....o...# #......
.. #.##.####.#
#....####..# .# #.#
#.###.......S.. # #.#
#..........##..# #.#
##....o.O@......#
#.###......_....##.##
#.....#.>....####
#####........#
##.###...# #.# ##.##
####.####.#
#....<....#
........######


You could see an ogre, an orc priest and a ball python.

Vanquished Creatures
  Jessica (D:2)
  3 adders
  A worm (D:2)
  2 dart slugs (D:1)
  2 orcs
  10 endoplasms
  2 giant cockroaches
  3 goblins
  6 hobgoblins
  3 quokkas
  4 ball pythons
  9 bats
  3 frilled lizards
  5 kobolds
  4 rats
58 creatures vanquished.

Vanquished Creatures (others)
  190 plants (D:1)
190 creatures vanquished.

Grand Total: 248 creatures vanquished

Notes
Turn   | Place    | Note
-------+----------+-------------------------------------------
     0 | D:1      | lesbiats the Gnoll Cinder Acolyte began the quest for the
                  | Orb.
     0 | D:1      | Reached XP level 1. HP: 23/23 MP: 4/4
   485 | D:1      | Reached XP level 2. HP: 26/29 MP: 5/5
   736 | D:1      | Reached XP level 3. HP: 29/35 MP: 7/7
  1053 | D:2      | Learned a level 2 spell: Scorch
  1165 | D:2      | Reached skill level 1 in Invocations
  1344 | D:2      | Found Igge's Antique Armour Shoppe.
  1557 | D:2      | Upgraded the game from 0.29-a0-830-gcb1280458a to
                  | 0.29-a0-834-g1e95ca9f62
  1576 | D:2      | Reached skill level 1 in Short Blades
  1576 | D:2      | Reached skill level 1 in Long Blades
  1576 | D:2      | Reached skill level 1 in Maces & Flails
  1576 | D:2      | Reached skill level 1 in Polearms
  1576 | D:2      | Reached skill level 1 in Staves
  1576 | D:2      | Reached skill level 1 in Ranged Weapons
  1576 | D:2      | Reached skill level 1 in Throwing
  1576 | D:2      | Reached skill level 1 in Armour
  1576 | D:2      | Reached skill level 1 in Dodging
  1576 | D:2      | Reached skill level 1 in Stealth
  1576 | D:2      | Reached skill level 1 in Shields
  1576 | D:2      | Reached skill level 1 in Unarmed Combat
  1576 | D:2      | Reached skill level 1 in Evocations
  1648 | D:2      | Found a faded altar of an unknown god.
  2065 | D:2      | Found Entafivil's Jewellery Boutique.
  2068 | D:2      | Noticed Jessica
  2090 | D:2      | Killed Jessica
  2091 | D:2      | Reached skill level 1 in Conjurations
  2091 | D:2      | Reached skill level 1 in Hexes
  2091 | D:2      | Reached skill level 1 in Summonings
  2091 | D:2      | Reached skill level 1 in Necromancy
  2091 | D:2      | Reached skill level 1 in Translocations
  2091 | D:2      | Reached skill level 1 in Transmutations
  2091 | D:2      | Reached skill level 1 in Ice Magic
  2091 | D:2      | Reached skill level 1 in Air Magic
  2091 | D:2      | Reached skill level 1 in Earth Magic
  2091 | D:2      | Reached skill level 1 in Poison Magic
  2091 | D:2      | Reached XP level 4. HP: 15/41 MP: 8/8
  2307 | D:2      | Found Wyettuogue's Weapon Boutique.
  2654 | D:3      | Identified the +1 dagger "Esheucsuq" {flame, Fly}
  3080 | D:3      | Found a stormy altar of Qazlal.
  3270 | D:3      | Reached XP level 5. HP: 43/47 MP: 9/9
  3447 | D:4      | Found a bloodstained altar of Trog.
  3477 | D:4      | Noticed an ogre
  3506 | D:4      | Slain by an ogre

Illustrated notes

Levels and vault maps discovered:
D:1:      roderic_crop_circles_arrival_small, layout_rooms
D:2:      layout_basic, hellmonk_ecumenical_altar_heavens_door, serial_shops,
          nicolae_shop_statue_plus, nicolae_lakefront_shop, shop, uniq_jessica
D:3:      layout_basic, mainiacjoe_overflow_boulevard, kennysheep_generic_room_4
D:4:      minmay_angry_zag, layout_loops_ring, mainiacjoe_overflow_swirl,
          bloody_trog

Skill      XL: |  1  2  3 |
---------------+----------+-----
Invocations    | 1 |  1.5
Short Blades   | 1 |  1.4
Long Blades    | 1 |  1.4
Maces & Flails | 1 |  1.4
Polearms       | 1 |  1.4
Staves         | 1 |  1.4
Ranged Weapons | 1 |  1.4
Throwing       | 1 |  1.4
Armour         | 1 |  1.4
Dodging        | 1 |  1.4
Stealth        | 1 |  1.4
Shields        | 1 |  1.4
Unarmed Combat | 1 |  1.4
Evocations     | 1 |  1.4
Spellcasting   | 3 |  3.1
Conjurations   | 1 |  1.1
Hexes          | 1 |  1.1
Summonings     | 1 |  1.1
Necromancy     | 1 |  1.1
Translocations | 1 |  1.1
Transmutations | 1 |  1.1
Ice Magic      | 1 |  1.1
Air Magic      | 1 |  1.1
Earth Magic    | 1 |  1.1
Poison Magic   | 1 |  1.1
Fighting       | |  6.6
Axes           | |  6.6
Fire Magic     | |  5.5

Action                   |  1- 3 |  4- 6 || total
-------------------------+-------+-------++-------
Melee: Hand axe          |   203 |    10 ||   213
       Bite              |    37 |     6 ||    43
       Punch             |     4 |       ||     4
       Dagger            |       |    43 ||    43
 Fire: Sling             |    33 |    46 ||    79
  Use: Scroll            |     3 |       ||     3
Armor: Robe              |    13 |       ||    13
       Leather armour    |    11 |    13 ||    24
Dodge: Dodged            |   101 |    34 ||   135
Block: Buckler           |       |     5 ||     5

Table legend: (Time is in decaauts)
 A = Elapsed time spent in this place.
 B = Non-inter-level travel time spent in this place.
 C = Inter-level travel time spent in this place.
 D = Time resting spent in this place.
 E = Time spent auto-exploring this place.
 F = Levels seen in this place.
 G = Mean time per level.
                   A        B        C        D        E       F      G
               +--------+--------+--------+--------+--------+-----+--------+
         Total |   3509 |   3380 |    129 |    798 |   1473 |   4 |  877.2 |
       Dungeon |   3509 |   3380 |    129 |    798 |   1473 |   4 |  877.2 |
               +--------+--------+--------+--------+--------+-----+--------+

Top non-repeatable levels by time:
     D:2: 1605 daAuts
     D:1: 1041 daAuts
     D:3: 798 daAuts
     D:4: 64 daAuts
